 Dungeon Crawl Stone Soup version 0.23.2-1-ga50397a (webtiles) character file.

Game seed: 6364125730482391907

17 Ulmaan the Magician (level 2, 0/19 HPs)
             Began as a Demonspawn Wanderer on May 29, 2019.
             Slain by a quokka (5 damage)
             ... on level 3 of the Dungeon.
             The game lasted 00:13:52 (1802 turns).

Ulmaan the Magician (Demonspawn Wanderer)           Turns: 1802, Time: 00:13:53

Health: 0/19       AC:  2    Str:  8    XL:     2   Next: 44%
Magic:  17/17      EV: 11    Int: 15    God:
Gold:   70         SH:  0    Dex: 14    Spells: 8/11 levels left

rFire    . . .     SeeInvis .   F - +0 whip (drain)
rCold    . . .     Gourm    .   (no shield)
rNeg     . . .     Faith    .   d - +0 robe
rPois    .         Spirit   .   (no helmet)
rElec    .         Reflect  .   (no cloak)
rCorr    .         Harm     .   (no gloves)
MR       .....                  (no boots)
Stlth    ++........             w - amulet of magic regeneration
HPRegen  0.06/turn              e - ring of magical power
MPRegen  0.40/turn              (no ring)

@: no status effects
A: demonic guardian 1
a: no special abilities


You were on level 3 of the Dungeon.
You were not hungry.

You visited 1 branch of the dungeon, and saw 3 of its levels.

You collected 70 gold pieces.

Inventory:

Hand Weapons
 a - a +0 dagger
 c - a +0 spear
 h - a +0 dagger
 i - a +2 dagger of speed
 r - a +0 hand axe
 s - a +0 short sword
 u - a +0 short sword
 v - a +0 whip
 x - a +0 hunting sling
 z - a +0 quarterstaff
 B - a +0 dagger
 E - a +0 dagger
 F - a +0 whip of draining (weapon)
Missiles
 l - 26 bolts
 A - 40 stones (quivered)
Armour
 d - a +0 robe (worn)
 p - a +0 chain mail
 y - a +0 ring mail
 G - a scarf of repulsion
Jewellery
 e - a ring of magical power (left hand)
 w - an amulet of magic regeneration (around neck)
Scrolls
 g - 2 scrolls of noise {unknown}
 j - 2 scrolls of amnesia {unknown}
 k - 4 scrolls of enchant armour {unknown}
 n - a scroll of fog {unknown}
 t - a scroll of fear {unknown}
Potions
 b - 2 potions of agility {unknown}
 m - a potion of haste {unknown}
 o - 2 potions of curing {unknown}
 q - a potion of flight {unknown}
 D - 2 potions of heal wounds {unknown}
Comestibles
 f - 2 rations
 C - 4 chunks of flesh


   Skills:
 + Level 1.0 Stealth
   Level 1.0 Shields
 + Level 5.4 Spellcasting
   Level 1.0 Summonings
   Level 1.0 Ice Magic
 + Level 1.0 Poison Magic


You had 8 spell levels left.
You knew the following spells:

 Your Spells              Type           Power        Failure   Level  Hunger
a - Magic Dart            Conj           #...         16%         1    None
b - Sting                 Conj/Pois      #...         13%         1    None
c - Apportation           Tloc           #.....       16%         1    None

Your spell library contained the following spells:

 Spells                   Type           Power        Failure   Level  Hunger
 Call Imp                 Summ           #.......     16%         2    #......
 Blink                    Tloc           N/A          24%         2    #......
 Slow                     Hex            #.......     24%         2    #......
 Mephitic Cloud           Conj/Pois/Air  #.......     38%         3    ###....
 Conjure Flame            Conj/Fire      #.......     43%         3    ###....
 Lesser Beckoning         Tloc           #.........   43%         3    ###....


Dungeon Overview and Level Annotations

Branches:
Dungeon (2/15)

Altars:
Ashenzari

Annotations:
D:3 3 runed translucent doors, DKeggars's ghost, amateur MiBe; Sassenached's ghost, amateur DsWn; appiemonkey's ghost, amateur MiFi


Innate Abilities, Weirdness & Mutations

A weak demonic guardian rushes to your aid.


Message History

You miss the quokka. The quokka misses you.
You barely miss the quokka. The quokka closely misses you.
You barely miss the quokka. The quokka bites you. x2
You completely miss the quokka.
The quokka bites you but does no damage.
You hit the quokka but do no damage. The quokka misses you.
You hit the quokka.
The quokka is moderately wounded.
The quokka barely misses you.
You closely miss the quokka.
The quokka is moderately wounded.
The quokka barely misses you. x2
You hit the quokka but do no damage.
The quokka is moderately wounded.
The quokka bites you.
* * * LOW HITPOINT WARNING * * *
You barely miss the quokka.
The quokka is moderately wounded.
The quokka bites you.
You die...

#.#
##..................#
#.#
######..############
#.# #..# #.# #..#
#>#########..####
#...............#
############.##.#
###.##.# #@..##.#
#r#....# #.#.####
#.#.# ....# #.### #.#
#.#


You could see a quokka.

Vanquished Creatures
  An adder skeleton (D:3)
  A giant cockroach (D:1)
  3 goblins
  A kobold (D:1)
  A quokka (D:2)
  2 bats (D:1)
  3 frilled lizards
  3 rats
15 creatures vanquished.

Vanquished Creatures (others)
  A withered plant (D:3)
1 creature vanquished.

Grand Total: 16 creatures vanquished

Notes
Turn   | Place    | Note
-------+----------+-------------------------------------------
     0 | D:1      | Ulmaan the Demonspawn Wanderer began the quest for the Orb.
     0 | D:1      | Ulmaan set off with the following items: a +0 dagger, a +0
                  | robe, a ration; and the following spells available to
                  | memorise: Sting, Apportation, Magic Dart, Call Imp, Blink,
                  | Slow, Mephitic Cloud, Conjure Flame, Lesser Beckoning
     0 | D:1      | Reached XP level 1. HP: 13/13 MP: 6/6
   126 | D:1      | Learned a level 1 spell: Magic Dart
   128 | D:1      | Learned a level 1 spell: Sting
   338 | D:1      | Found a shattered altar of Ashenzari.
   481 | D:1      | Learned a level 1 spell: Apportation
   945 | D:1      | Gained mutation: A weak demonic guardian rushes to your
                  | aid. [demonic ancestry]
   945 | D:1      | Reached XP level 2. HP: 17/19 MP: 8/8
  1268 | D:2      | You fall through a shaft!
  1708 | D:3      | Found a runed translucent gate.
  1709 | D:3      | Found a runed translucent gate.
  1716 | D:3      | Found a runed translucent gate.
  1717 | D:3      | Noticed DKeggars's ghost (amateur MiBe)
  1718 | D:3      | Noticed Sassenached's ghost (amateur DsWn)
  1719 | D:3      | Noticed appiemonkey's ghost (amateur MiFi)
  1802 | D:3      | Slain by a quokka

Action                   || total
-------------------------++-------
Melee: Dagger            ||   124
       Whip              ||     9
 Stab: Sleeping          ||     2
  Eat: Ration            ||     1
       Chunk             ||     1
Armor: Robe              ||    17
Dodge: Dodged            ||    35
